 Dungeon Crawl Stone Soup version 0.19.5 (webtiles) character file.

118 Chaoticas the Magician (level 5, -4/28 HPs)
             Began as a Gargoyle Wizard on Apr 15, 2017.
             Killed by divine providence
             ... invoked by an orc priest
              (10 damage)
             ... on level 2 of the Dungeon.
             The game lasted 00:14:55 (2298 turns).

Chaoticas the Magician (Gargoyle Wizard)            Turns: 2298, Time: 00:14:55

Health: -4/28      AC: 10    Str: 10    XL:     5   Next: 2%
Magic:  10/10      EV: 10    Int: 20    God:
Gold:   76         SH:  0    Dex:  8    Spells: 3 memorised, 4 levels left

rFire  . . .     SeeInvis .     q - +0 flail
rCold  . . .     Gourm    .     l - +0 ring mail (curse)
rNeg   + . .     Faith    .     (no shield)
rPois  ∞         Spirit   .     b - +0 hat
rElec  +         Reflect  .     (no cloak)
rCorr  .         Harm     .     e - +0 pair of gloves
MR     .....                    (no boots)
Stlth  +.........               o - amulet of regeneration
                                (no ring)
                                (no ring)

@: no status effects
A: negative energy resistance 1, electricity resistance, unbreathing,
petrification resistance, rot immunity, AC +4
a: no special abilities


You were on level 2 of the Dungeon.
You were not hungry.

You visited 1 branch of the dungeon, and saw 3 of its levels.

You collected 76 gold pieces.

Inventory:

Hand Weapons
 f - a +0 short sword
 g - a +0 whip
 q - a +0 flail (weapon)
Armour
 a - a +0 robe
 b - a +0 hat (worn)
 e - a +0 pair of gloves (worn)
 l - a cursed +0 ring mail (worn)
Jewellery
 o - an amulet of regeneration (around neck)
Scrolls
 m - a scroll of identify {unknown}
Potions
 h - 2 potions of agility {unknown}
 j - 2 potions of invisibility
 n - a potion of degeneration {unknown}
Books
 c - a book of Minor Magic

   Spells                             Type                      Level
   a - Magic Dart                     Conjuration                  1
   b - Blink                          Translocation                2
   c - Call Imp                       Summoning                    2
   d - Repel Missiles                 Charms/Air                   2
   e - Slow                           Hexes                        2
   f - Conjure Flame                  Conjuration/Fire             3
   g - Mephitic Cloud                 Conjuration/Poison/Air       3
 i - a book of Misfortune

   Spells                             Type                      Level
   a - Confusing Touch                Hexes                        1
   b - Confuse                        Hexes                        3
   c - Gell's Gravitas                Hexes/Translocation          3
   d - Petrify                        Transmutation/Earth          4
   e - Metabolic Englaciation         Hexes/Ice                    5
   f - Yara's Violent Unravelling     Hexes/Transmutation          5
Comestibles
 d - 2 bread rations
 k - a royal jelly
 p - a chunk of flesh


   Skills:
 - Level 1.5 Dodging
 - Level 2.1 Stealth
 * Level 3.8 Spellcasting
 * Level 3.5 Conjurations
   Level 0.8 Summonings
   Level 0.8 Translocations
 * Level 1.2 Fire Magic
 * Level 0.7 Air Magic


You had 4 spell levels left.
You knew the following spells:

 Your Spells              Type           Power        Failure   Level  Hunger
a - Magic Dart            Conj           ###.         12%         1    None
b - Conjure Flame         Conj/Fire      ##......     43%         3    ###....
c - Mephitic Cloud        Conj/Pois/Air  #.......     69%         3    ###....


Dungeon Overview and Level Annotations

Branches:
Dungeon (3/15)

Altars:
Okawaru


Innate Abilities, Weirdness & Mutations

You are resistant to torment.
Your stone body is resilient. (AC +4)
You are immune to poison.
You resist negative energy. (rN+)
You are resistant to electric shocks. (rElec)
You can survive without breathing.
You are immune to petrification.
You are immune to rotting.


Message History

The orc priest looks encouraged for a moment.
The orc hits you but does no damage.
You sock the orc!
You kill the orc!
The orc priest hits you but does no damage. x2
You barely miss the orc priest.
The orc priest is severely wounded.
The orc priest looks braver for a moment.
You closely miss the orc priest.
The orc priest is severely wounded.
The orc priest hits you but does no damage.
You hit the orc priest but do no damage.
The orc priest is severely wounded.
The orc priest barely misses you.
The orc priest hits you but does no damage.
You hit the orc priest.
The orc priest is almost dead.
The orc priest calls down the wrath of Beogh upon you.
Beogh smites you!
You die...

#.#.#####.###.#.#......#####
..#...........#.#..........#
###.###########....#.♣.♣.#.#
#.#...### #..#.......(..#
#.#.#...# #..#..♣.♣.♣.♣.#
#.#.#.#.# #..##...._....#
#.###.#.# #[.##.♣.♣.♣)♣.#
#.....#.#####o##.........#
#######......)@#.#.♣.♣.#.#
#####..[##.........#
#..######....##### #..#
#........# #..# #...#.##.#
#..# #........# #).#
#...8....# #..# #.)8.8...#
#..# #.8._.8.##


You could see an orc priest.

Vanquished Creatures
  Terence (D:2)
  3 adders
  2 dart slugs (D:1)
  7 orcs
  4 bats (D:1)
  2 giant cockroaches (D:1)
  8 goblins
  6 hobgoblins
  3 frilled lizards
  10 kobolds
  8 rats
54 creatures vanquished.

Notes
Turn   | Place    | Note
-------+----------+-------------------------------------------
     0 | D:1      | Chaoticas the Gargoyle Wizard began the quest for the Orb.
     0 | D:1      | Reached XP level 1. HP: 10/10 MP: 4/4
   301 | D:1      | Reached XP level 2. HP: 15/15 MP: 3/6
   919 | D:1      | Reached XP level 3. HP: 19/19 MP: 4/7
  1167 | D:2      | Found an iron altar of Okawaru.
  1179 | D:2      | Found a faded altar of an unknown god.
  1766 | D:2      | Reached XP level 4. HP: 24/24 MP: 9/9
  1807 | D:2      | Learned a level 3 spell: Conjure Flame
  1811 | D:2      | Learned a level 3 spell: Mephitic Cloud
  1917 | D:3      | Noticed Terence
  2012 | D:2      | Killed Terence
  2088 | D:3      | Reached skill level 1 in Fire Magic
  2217 | D:2      | Reached XP level 5. HP: 24/28 MP: 3/10
  2288 | D:3      | HP: 1/28 [orc/trident (2)]
  2298 | D:2      | Killed from afar by an orc priest

Skill      XL: |  1  2  3  4 |
---------------+-------------+-----
Conjurations   | 2 3 |  3.5
Fire Magic     | 1 |  1.2
Dodging        | |  1.5
Stealth        | |  2.1
Spellcasting   | |  3.8
Summonings     | |  0.8
Translocations | |  0.8
Air Magic      | |  0.7

Action                   |  1- 3 |  4- 6 || total
-------------------------+-------+-------++-------
Melee: Short sword       |     6 |       ||     6
       Whip              |    59 |    71 ||   130
       Unarmed           |     1 |       ||     1
       Flail             |       |    24 ||    24
 Cast: Magic Dart        |    68 |    34 ||   102
  Use: Scroll            |     2 |       ||     2
  Eat: Chunk             |     2 |     3 ||     5
Armor: Robe              |    26 |       ||    26
       Ring mail         |    17 |    63 ||    80
Dodge: Dodged            |    58 |    61 ||   119
